 Dungeon Crawl Stone Soup version 0.29-a0-308-g4e025c60ea (webtiles) character file.

Game seed: 279529750342857190

25 EnegeticOcto the Insei (level 3, -1/28 HPs)
             Began as a Djinni Warper on Mar 28, 2022.
             Killed from afar by a dart slug (3 damage)
             ... with a slug dart
             ... on level 1 of the Dungeon.
             The game lasted 00:02:07 (253 turns).

EnegeticOcto the Insei (Djinni Warper)               Turns: 253, Time: 00:02:07

Health: -1/28      AC:  3    Str: 10    XL:     3   Next: 17%
Gold:   26         EV: 11    Int: 16    God:
                   SH:  0    Dex: 12

rFire   + + .      SeeInvis .     - Unarmed
rCold   x . .      Faith    .   (no shield)
rNeg    . . .      Spirit   .   a - +0 leather armour
rPois   ∞          Reflect  .   (no helmet)
rElec   .          Harm     .   (no cloak)
rCorr   .          Rampage  .   (no gloves)
Will    .....                   (boots unavailable)
Stlth   +.........              (no amulet)
HPRegen 0.09/turn               (no ring)
MPRegen 0.00/turn               (no ring)

@: flying
A: sickness immunity, fire resistance 2, cold vulnerability 1, float, innate
caster, HP casting, extra vitality 1
a: no special abilities


You were on level 1 of the Dungeon.
You visited 1 branch of the dungeon, and saw 3 of its levels.

You collected 26 gold pieces.

Inventory:

Hand Weapons
 d - a +0 hunting sling
   (You found it on level 1 of the Dungeon)
Missiles
 c - 4 boomerangs of dispersal (quivered)
Armour
 a - a +0 leather armour (worn)
Magical Staves
 i - a staff of death
   (You found it on level 2 of the Dungeon)
Scrolls
 b - a scroll of blinking {@r4}
 f - a scroll of brand weapon {unknown}
 g - 2 scrolls of identify {unknown}
 j - a scroll of vulnerability {unknown}
Potions
 e - a potion of mutation {unknown}
 h - a potion of curing {unknown}


   Skills:
 - Level 2.0 Fighting
 - Level 0.7 Throwing
 - Level 1.0 Armour
 - Level 2.1 Dodging
 + Level 3.4 Unarmed Combat
 - Level 2.4 Spellcasting


You couldn't memorise any spells.
You knew the following spells:

 Your Spells              Type           Power      Damage    Failure   Level
a - Lesser Beckoning      Tloc           9%         N/A       30%         3
b - Gell's Gravitas       Tloc           9%         N/A       30%         3
c - Teleport Other        Tloc           9%         N/A       30%         3
d - Manifold Assault      Tloc           9%         N/A       95%         5
e - Apportation           Tloc           18%        N/A       10%         1
Y - Blink                 Tloc           18%        N/A       16%         2
Your spell library was empty.

Dungeon Overview and Level Annotations

Branches:
Dungeon (3/15)

Altars:


Innate Abilities, Weirdness & Mutations

You are immune to sickness and miasma.
You are immune to poison.
Your flesh is very heat resistant. (rF++)
You are vulnerable to cold. (rC-)
You float through the air rather than walking.
You learn spells naturally, not from books.
Your magical power is your life essence.
You have superior vitality. (+4 MHP)


Message History

A kobold comes into view. It is wielding a +0 short sword.
The kobold shouts!
You closely miss the kobold.
The kobold hits you with a +0 short sword.
* * * LOW HITPOINT WARNING * * *
You barely miss the kobold. The kobold closely misses you.
You hit the kobold but do no damage.
The kobold hits you with a +0 short sword.
* * * LOW HITPOINT WARNING * * *
You hit the kobold.
You kill the kobold!
Things that are here:
a +0 short sword; 4 stones
Found a stone staircase leading up.
An adder comes into view.
The adder hisses angrily.
Throw: 7 boomerangs (disperse)
Press: ? - help, Q - select action, (/) - cycle Shift-Dir - straight line, f - adder
Aim: an adder (38% to hit)
You throw a boomerang of dispersal.
The boomerang of dispersal hits the adder.
The adder blinks!
The adder hisses angrily.
Found a scroll labelled ZUOWEK NAFITS.
There is a stone staircase leading up here.
Throw: 6 boomerangs (disperse)
Press: ? - help, Q - select action, (/) - cycle Shift-Dir - straight line, f/p - adder
Aim: an adder (heavily wounded, 38% to hit)
You throw a boomerang of dispersal.
The boomerang of dispersal hits the adder.
The adder blinks!
The adder is severely wounded.
Throw: 5 boomerangs (disperse)
Press: ? - help, Q - select action, (/) - cycle Shift-Dir - straight line, f/p - adder
Aim: an adder (severely wounded, 38% to hit)
You throw a boomerang of dispersal.
The boomerang of dispersal hits the adder.
The adder blinks!
You feel a bit more experienced.
Your Unarmed Combat skill increases to level 3!
Found an adder corpse.
j - a scroll labelled ZUOWEK NAFITS
Found a stone staircase leading up.
A hobgoblin comes into view.
Found 5 gold pieces.
There is a stone staircase leading up here.
You fly upwards.
There is a stone staircase leading down here.
A dart slug comes into view.
The dart slug launches a dart at you.
The slug dart hits you but does no damage.
You hit the dart slug.
The dart slug is heavily wounded.
The dart slug launches a dart at you. The slug dart misses you.
You hit the dart slug.
The dart slug is severely wounded.
You hit the dart slug.
You kill the dart slug!
You have reached level 3!
Your experience leads to an increase in your attributes!
Increase (s)trength, (i)ntelligence, or (d)exterity?
You feel clever. x2
The power to cast Apportation wells up from within.
Spell assigned to 'e'.
Found a spear and a glowing brown potion.
A hobgoblin and a rat come into view.
An endoplasm comes into view.
The hobgoblin shouts!
A dart slug comes into view.
You hit the endoplasm.
The endoplasm is severely wounded.
The endoplasm hits you but does no damage.
You hit the endoplasm.
You kill the endoplasm!
You hit the rat.
You kill the rat!
You hit the hobgoblin.
The hobgoblin is heavily wounded.
The hobgoblin hits you.
You hit the hobgoblin but do no damage.
The hobgoblin is heavily wounded.
The hobgoblin barely misses you.
You hit the hobgoblin but do no damage. You punch the hobgoblin.
You kill the hobgoblin!
The dart slug launches a dart at you. The slug dart hits you.
* * * LOW HITPOINT WARNING * * *
You see here a rat corpse.
You hit the dart slug.
The dart slug is heavily wounded.
You hit the dart slug.
The dart slug is severely wounded.
The dart slug launches a dart at you. The slug dart hits you.
* * * LOW HITPOINT WARNING * * *
You hit the dart slug.
The dart slug is almost dead.
The dart slug launches a dart at you. The slug dart hits you.
You die...

#># #.#
#####........
#.###.#
..##..#..
#.##..# #..
...#.#
#.##.## ####.
#[.....
#.##.##.....
#.##........
#.##.#####..
#.##.# #@#
#w####...
#......#
#...######
.......
...J##.##.
... !) .# ##
##. # ..


You could see a dart slug.

Vanquished Creatures
  An adder (D:2)
  A dart slug (D:1)
  2 orcs
  2 endoplasms
  A goblin (D:2)
  A hobgoblin (D:1)
  A kobold (D:2)
  A ball python (D:3)
  A rat (D:1)
11 creatures vanquished.

Notes
Turn   | Place    | Note
-------+----------+-------------------------------------------
     0 | D:1      | EnegeticOcto the Djinni Warper began the quest for the Orb.
     0 | D:1      | Reached XP level 1. HP: 18/18 MP: 0/0
   157 | D:2      | Reached XP level 2. HP: 8/23 MP: 0/0
   187 | D:2      | Reached skill level 3 in Unarmed Combat
   213 | D:1      | Reached XP level 3. HP: 8/28 MP: 0/0
   213 | D:1      | Learned a level 1 spell: Apportation
   253 | D:1      | Killed from afar by a dart slug

Illustrated notes

Levels and vault maps discovered:
D:1:      minmay_arrival_semitransparent, layout_rooms, serial_shops,
          shop_coins, skrybe_limestone_x, minmay_split_cup_small
D:2:      layout_loops_ring
D:3:      layout_basic, old_standard_altar,
          hellmonk_ecumenical_altar_dog_temple, serial_rivers,
          chequers_serial_rivers_marsh, chequers_serial_rivers_large_a,
          chequers_serial_rivers_micro_d, chequers_serial_rivers_micro_a

Skill      XL: |  1  2 |
---------------+-------+-----
Unarmed Combat | 3 |  3.4
Fighting       | |  2.0
Throwing       | |  0.7
Armour         | |  1.0
Dodging        | |  2.1
Spellcasting   | |  2.4

Action                   || total
-------------------------++-------
Melee: Unarmed           ||    18
       Punch             ||     1
 Fire: Hunting sling     ||    17
Throw: Boomerang         ||     3
Armor: Leather armour    ||     4
Dodge: Dodged            ||    16

Table legend: (Time is in decaauts)
 A = Elapsed time spent in this place.
 B = Non-inter-level travel time spent in this place.
 C = Inter-level travel time spent in this place.
 D = Time resting spent in this place.
 E = Time spent auto-exploring this place.
 F = Levels seen in this place.
 G = Mean time per level.
                   A        B        C        D        E       F      G
               +--------+--------+--------+--------+--------+-----+--------+
         Total |    261 |    261 |      0 |      0 |      0 |   3 |   87.0 |
       Dungeon |    261 |    261 |      0 |      0 |      0 |   3 |   87.0 |
               +--------+--------+--------+--------+--------+-----+--------+

Top non-repeatable levels by time:
     D:2: 139 daAuts
     D:1: 82 daAuts
     D:3: 40 daAuts
